 Dungeon Crawl Stone Soup version 0.22.1-5-g62c59d9 (webtiles) character file.

24175 XployD81 the Cleaver (level 12, -13/165 HPs)
             Began as a Minotaur Berserker on Jan 14, 2019.
             Was a High Priest of Trog.
             Splashed by an oklob plant's acid (14 damage)
             ... on level 3 of the Lair of Beasts.
             The game lasted 02:16:58 (16540 turns).

XployD81 the Cleaver (Minotaur Berserker)          Turns: 16540, Time: 02:17:00

Health: -13/165    AC:  4    Str: 37    XL:     12   Next: 78%
Magic:  0/20       EV: 11    Int:  4    God:    Trog [*****.]
Gold:   677        SH:  0    Dex: 10    Spells: 11/11 levels left

rFire    x . .     SeeInvis .   I - +0 broad axe
rCold    + + .     Gourm    .   (no shield)
rNeg     . . .     Faith    .   O - +0 ice dragon scales
rPois    .         Spirit   +   x - +1 hat
rElec    .         Reflect  .   B - +1 cloak
rCorr    .         Harm     .   (no gloves)
MR       .....                  A - +0 pair of boots
Stlth    ..........             G - amulet of guardian spirit
HPRegen  0.37/turn              u - +5 ring of strength
MPRegen  0.17/turn              p - ring of magical power

@: berserking (expiring), corroded, very quick
A: retaliatory headbutt, horns 2
a: Berserk, Trog's Hand, Brothers in Arms, Renounce Religion


You were on level 3 of the Lair of Beasts.
You worshipped Trog.
Trog was extremely pleased with you.
You were near starving.

You visited 2 branches of the dungeon, and saw 13 of its levels.

You collected 677 gold pieces.

Inventory:

Hand Weapons
 s - a +1 hand axe of freezing
 v - a +2 hand axe of venom
 I - a +0 broad axe (weapon)
Missiles
 j - 8 tomahawks (quivered)
Armour
 d - a +1 chain mail
 e - a +0 plate armour
 x - a +1 hat (worn)
 A - a +0 pair of boots (worn)
 B - a +1 cloak (worn)
 O - +0 ice dragon scales (worn)
Jewellery
 g - an uncursed ring of positive energy
 p - a ring of magical power (right hand)
 u - a +5 ring of strength (left hand)
 F - an uncursed ring of flight
 G - an amulet of guardian spirit (around neck)
 H - a +4 ring of protection
 L - the amulet "Jiczezat" {Acrobat Dex+3}
   (You found it on level 2 of the Lair of Beasts)

   [amulet of the acrobat]

   It helps you evade while moving and waiting.
   It affects your dexterity (+3).
 Q - an uncursed ring of positive energy
Wands
 l - a wand of disintegration (7)
 q - a wand of digging (22)
 w - a wand of enslavement (15)
 J - a wand of paralysis (12)
 K - a wand of iceblast (6)
 N - a wand of flame (32)
Scrolls
 a - 8 scrolls of teleportation
 b - 4 scrolls of enchant armour
 i - a scroll of fear
 t - 2 scrolls of enchant weapon
 y - 2 scrolls of fog
 z - 3 scrolls of remove curse
 C - 2 scrolls of identify
 D - a scroll of magic mapping
 E - 2 scrolls of amnesia
 M - 2 scrolls of torment {unknown}
Potions
 f - 3 potions of haste
 h - 5 potions of brilliance
 k - 4 potions of heal wounds
 m - 3 potions of might
 n - 3 potions of magic
 o - 3 potions of curing
 r - a potion of resistance {unknown}
Miscellaneous
 P - a sack of spiders
Comestibles
 c - 19 rations


   Skills:
 + Level 11.1 Fighting
 * Level 14.8 Axes
 + Level 8.9 Throwing
 * Level 14.5 Armour
 - Level 2.1 Dodging


You had 11 spell levels left.
You didn't know any spells.
Your spell library was empty.

Dungeon Overview and Level Annotations

Branches:
Dungeon (10/15)            Temple (0/1) D:6            Lair (3/6) D:10
  Swamp (0/4) Lair:3        Snake (0/4) Lair:3
    Orc: D:9-12

Altars:
Cheibriados
Dithmenos
Fedhas
Gozag
Kikubaaqudgha
Makhleb
Nemelex Xobeh
Trog
Uskayaw
Vehumet
Wu Jian
Zin
The Shining One

Shops:
D:5 ?   D:8 [

Annotations:
D:9 2 transporters, Thomus's ghost, novice MiBe
Lair:3 exclusion: oklob plant


Innate Abilities, Weirdness & Mutations

You reflexively headbutt those who attack you in melee.
You have a pair of horns on your head.


Message History

The oklob plant is heavily damaged.
The oklob plant spits acid at you. The splash of acid hits you!
* * * LOW HITPOINT WARNING * * *
You are splashed with acid!
The acid burns!
* * * LOW HITPOINT WARNING * * *
You slash the oklob plant!
You headbutt the oklob plant, but do no damage.
The oklob plant is severely damaged.
You hit the oklob plant.
The oklob plant is severely damaged.
You are too berserk!
You hit the oklob plant but do no damage.
You headbutt the oklob plant.
The oklob plant is severely damaged.
The oklob plant spits acid at you. The splash of acid hits you!
* * * LOW HITPOINT WARNING * * *
You are splashed with acid!
The acid burns!
You die...

### #.# #.# #.# #.######
#.#...(### *** ** *** ##*
#..@P=...# **,****
,***,###P#####.#...$###****,***,,
,,,,,..........#..[.#,,,,,,,,,,,,
,,,,,.........##PPP.#..,,,,,,,,,,
*,,**###...............,,,,,,****
*,,* ###......#........,,,,,,*,**
#### #........#.........,,,,**,,,
...###...###..#......#..,,,,*,,,,
...#.......#........##......P,...


You could see an oklob plant.

Vanquished Creatures
  An ice dragon (Lair:2)
  2 hydras (Lair:2)
  A two-headed ogre (D:8)
  5 death yaks
  Pikel (D:9)
  2 oklob plants (Lair:3)
  6 elephants (Lair:3)
  An ice statue (Lair:2)
  4 spiny frogs
  3 komodo dragons (Lair:1)
  A rime drake (Lair:3)
  Grinder (D:3)
  Prince Ribbit (D:5)
  3 blink frogs (Lair:2)
  3 hippogriffs
  A human (D:9)
  4 hogs (D:9)
  12 yaks
  A basilisk (Lair:1)
  3 nagas (Lair:3)
  7 water moccasins
  10 ice beasts
  6 porcupines
  4 orc warriors
  3 eyes of draining
  2 sky beasts
  4 black bears
  2 phantoms
  7 centaurs
  6 ogres
  2 crocodiles
  A wyvern zombie (D:9)
  3 big kobolds
  14 bullfrogs
  5 scorpions
  2 howler monkeys (D:7)
  4 crimson imps
  A bullfrog zombie (D:9)
  2 centaur zombies
  2 bullfrog skeletons
  2 hounds
  7 orc priests
  2 jellies
  A centaur skeleton (D:7)
  12 orc wizards
  Jessica (D:2)
  Natasha (thrice) (D:3)
  An iguana (D:5)
  4 worker ants
  A hound skeleton (D:7)
  A mummy (D:7)
  A howler monkey zombie (D:8)
  A worker ant zombie (D:10)
  12 adders
  2 shadow imps
  5 white imps (Lair:2)
  3 oozes
  2 adder skeletons (D:5)
  4 worms
  2 dart slugs
  3 leopard geckos
  27 orcs
  5 giant cockroaches
  6 hobgoblins
  6 jackals
  16 kobolds
  A quokka (D:4)
  3 ball pythons
  10 bats
  6 frilled lizards (D:2)
  7 goblins
  A quokka skeleton (D:7)
  A quokka zombie (D:8)
  8 rats
  2 fungi (Lair:2)
  3 plants (Lair:2)
315 creatures vanquished.

Vanquished Creatures (collateral kills)
  A death yak (D:10)
1 creature vanquished.

Vanquished Creatures (others)
  2 fungi
  A plant (Lair:3)
3 creatures vanquished.

Grand Total: 319 creatures vanquished

Notes
Turn   | Place    | Note
-------+----------+-------------------------------------------
     0 | D:1      | XployD81 the Minotaur Berserker began the quest for the
                  | Orb.
     0 | D:1      | Reached XP level 1. HP: 19/19 MP: 0/0
   509 | D:1      | Reached XP level 2. HP: 25/27 MP: 1/1
  1685 | D:2      | Reached XP level 3. HP: 25/33 MP: 2/2
  1713 | D:2      | Reached skill level 1 in Throwing
  1714 | D:2      | Reached ** piety under Trog
  1985 | D:2      | Reached XP level 4. HP: 33/40 MP: 3/3
  2150 | D:2      | Noticed Jessica
  2157 | D:2      | Killed Jessica
  2746 | D:3      | Noticed Natasha
  2752 | D:3      | Killed Natasha
  2752 | D:3      | Reached skill level 5 in Axes
  2752 | D:3      | Reached XP level 5. HP: 40/47 MP: 4/4
  2785 | D:3      | Reached *** piety under Trog
  3066 | D:3      | Noticed Grinder
  3072 | D:3      | Paralysed by Grinder for 5 turns
  3085 | D:3      | Killed Grinder
  3085 | D:3      | Reached skill level 5 in Armour
  3085 | D:3      | Reached XP level 6. HP: 14/55 MP: 5/5
  3231 | D:3      | Noticed Natasha
  3241 | D:3      | Killed Natasha
  3367 | D:3      | Found a glowing golden altar of the Shining One.
  3368 | D:3      | Found an ancient bone altar of Kikubaaqudgha.
  3368 | D:3      | Found an opulent altar of Gozag.
  3369 | D:3      | Found a burning altar of Makhleb.
  4135 | D:3      | Noticed Natasha
  4145 | D:3      | Killed Natasha
  4539 | D:4      | Reached skill level 5 in Fighting
  4603 | D:4      | Reached XP level 7. HP: 61/61 MP: 6/6
  4729 | D:4      | Found a sparkling altar of Nemelex Xobeh.
  4994 | D:5      | Entered Level 5 of the Dungeon
  5144 | D:5      | Noticed Prince Ribbit
  5799 | D:5      | Found a shadowy altar of Dithmenos.
  5869 | D:5      | Reached XP level 8. HP: 70/70 MP: 0/7
  5920 | D:5      | Killed Prince Ribbit
  6112 | D:5      | Found Etiyb's Magic Scroll Shop.
  6818 | D:6      | Reached **** piety under Trog
  7404 | D:6      | Found an ornate altar of the Wu Jian Council.
  7419 | D:6      | Found a glowing silver altar of Zin.
  7861 | D:6      | Found a staircase to the Ecumenical Temple.
  7881 | D:6      | Reached XP level 9. HP: 48/78 MP: 8/8
  8440 | D:7      | Found a radiant altar of Vehumet.
  8441 | D:7      | Found a hide-covered altar of Uskayaw.
  8443 | D:7      | Found a blossoming altar of Fedhas.
  8624 | D:7      | Reached skill level 5 in Throwing
  8681 | D:7      | Found a snail-covered altar of Cheibriados.
  8684 | D:7      | Received a gift from Trog
  9036 | D:8      | Reached skill level 10 in Axes
  9131 | D:8      | Found Atep's Antique Armour Shoppe.
  9476 | D:8      | Noticed a two-headed ogre
  9489 | D:8      | HP: 4/80 [two-headed ogre/dire flail (9)]
  9490 | D:8      | Killed a two-headed ogre
  9490 | D:8      | Reached skill level 10 in Armour
  9490 | D:8      | Reached XP level 10. HP: 5/88 MP: 9/9
  9971 | D:9      | Found a transporter.
  9972 | D:9      | Noticed a two-headed ogre
  9972 | D:9      | Noticed Thomus's ghost (novice MiBe)
  9974 | D:9      | Noticed a two-headed ogre
 10007 | D:9      | Found a transporter.
 10084 | D:9      | Received a gift from Trog
 10642 | D:9      | Found a bloodstained altar of Trog.
 10937 | D:9      | Noticed Pikel
 10946 | D:9      | Killed Pikel
 11070 | D:10     | Entered Level 10 of the Dungeon
 11089 | D:10     | Noticed a death yak
 11089 | D:10     | Noticed a death yak
 11095 | D:10     | Noticed a death yak
 11100 | D:10     | Noticed a death yak
 11100 | D:10     | Noticed a death yak
 11564 | D:10     | Reached ***** piety under Trog
 11662 | D:10     | Found a staircase to the Lair.
 11937 | D:10     | Killed a death yak
 11937 | D:10     | Reached XP level 11. HP: 80/97 MP: 10/10
 11968 | D:10     | Killed a death yak
 11975 | D:10     | Killed a death yak
 11980 | D:10     | Killed a death yak
 11981 | D:10     | Killed a death yak
 12567 | Lair:1   | Entered Level 1 of the Lair of Beasts
 13139 | Lair:1   | Received a gift from Trog
 14166 | Lair:2   | Reached skill level 10 in Fighting
 14564 | Lair:2   | Noticed an ice dragon
 14587 | Lair:2   | Killed an ice dragon
 14587 | Lair:2   | Reached XP level 12. HP: 43/106 MP: 4/11
 14792 | Lair:2   | Received a gift from Trog
 14937 | Lair:2   | Noticed a five-headed hydra
 14986 | Lair:2   | Killed a five-headed hydra
 14986 | Lair:2   | Noticed a five-headed hydra
 15028 | Lair:2   | Killed a five-headed hydra
 15420 | Lair:2   | Got a warped platinum amulet
 15495 | Lair:2   | Identified the amulet "Jiczezat" {Acrobat Dex+3} (You found
                  | it on level 2 of the Lair of Beasts)
 15842 | Lair:3   | Noticed a death yak
 15858 | Lair:3   | Killed a death yak
 16477 | Lair:3   | Found a staircase to the Snake Pit.
 16537 | Lair:3   | HP: 2/165 [acid (9)]
 16540 | Lair:3   | Splashed by an oklob plant's acid

Skill      XL: |  1  2  3  4  5  6  7  8  9 10 11 12 |
---------------+-------------------------------------+-----
Axes           | 4 5 6 7 9 10 12 13 14 | 14.8
Armour         | 3 4 5 6 8 10 11 13 14 | 14.5
Fighting       | 4 5 6 7 9 10 11 | 11.1
Throwing       | 1 2 3 4 5 6 8 |  8.9
Dodging        | |  2.1

Action                   |  1- 3 |  4- 6 |  7- 9 | 10-12 || total
-------------------------+-------+-------+-------+-------++-------
Melee: Hand axe          |    79 |   113 |   261 |   314 ||   767
       Headbutt          |    12 |    22 |    51 |   147 ||   232
       Broad axe         |       |       |       |   173 ||   173
Throw: Tomahawk          |       |       |     7 |    12 ||    19
       Throwing net      |       |       |       |     1 ||     1
Invok: Trog's Hand       |       |       |     1 |       ||     1
       Berserk           |       |       |     1 |     7 ||     8
       Brothers in Arms  |       |       |       |     1 ||     1
 Abil: Evoke Flight      |       |       |       |     2 ||     2
       Stop Flying       |       |       |       |     1 ||     1
Evoke: Wand              |       |       |     2 |    11 ||    13
  Use: Scroll            |     2 |     8 |    11 |     8 ||    29
       Potion            |       |       |     2 |     3 ||     5
  Eat: Ration            |     1 |     1 |     3 |     6 ||    11
       Chunk             |       |     5 |     6 |     7 ||    18
Armor: Chain mail        |    54 |    34 |       |       ||    88
       Plate armour      |       |    27 |   120 |   209 ||   356
       Ice dragon scales |       |       |       |    84 ||    84
Dodge: Dodged            |    34 |    49 |   104 |   212 ||   399
